 Dungeon Crawl Stone Soup version 0.29.0-15-g675c0067aa (webtiles) character file.

Game seed: 12386174572289669368

523 qw the Shield-Bearer (level 7, 0/44 HPs)
             Began as a Gargoyle Fighter on Sept 12, 2022.
             Was a Follower of Okawaru.
             Killed from afar by an acid dragon (8 damage)
             ... with a splash of acid
             ... on level 5 of the Dungeon.
             The game lasted 00:01:20 (4193 turns).

qw the Shield-Bearer (Gargoyle Fighter)             Turns: 4193, Time: 00:01:20

Health: 0/44       AC: 19    Str: 22    XL:     7   Next: 22%
Magic:  4/7        EV:  8    Int:  8    God:    Okawaru [*.....]
Gold:   200        SH: 10    Dex:  9    Spells: 6/6 levels left

rFire   + + .      SeeInvis .   Y - +0 war axe (elec)
rCold   . . .      Faith    .   r - +0 kite shield
rNeg    + . .      Spirit   .   e - +2 chain mail {rF+}
rPois   inf        Reflect  .   (no helmet)
rElec   +          Harm     .   (no cloak)
rCorr   +          Rampage  .   (no gloves)
Will    .....                   n - +0 pair of boots
Stlth   ..........              (no amulet)
HPRegen 0.14/turn               i - ring of resist corrosion
MPRegen 0.10/turn               c - ring of protection from fire

@: about to teleport, heroic
A: sickness immunity, AC +4, negative energy resistance 1, electricity
resistance, torment resistance 1, petrification resistance
a: Renounce Religion, Heroism


You were on level 5 of the Dungeon.
You worshipped Okawaru.
Okawaru was aware of your devotion.
You visited 1 branch of the dungeon, and saw 5 of its levels.

You collected 200 gold pieces.


Innate Abilities, Weirdness & Mutations

You are immune to sickness and miasma.
Your stone body is resilient. (AC +4)
You are immune to poison.
You resist negative energy. (rN+)
You are resistant to electric shocks. (rElec)
You are resistant to unholy torment.
You are immune to petrification.


   Skills:
 - Level 4.5(9.5) Fighting
 - Level 5.1(10.1) Axes
 - Level 1.0(6.0) Throwing
 - Level 3.2(8.2) Armour
 + Level 5.2(10.2) Shields
 + Level 1.2 Invocations


You had 6 spell levels left.
You didn't know any spells.
Your spell library was empty.

Inventory:

Hand Weapons
 q - a +0 flail
 Y - a +0 war axe of electrocution (weapon)
Missiles
 p - 2 javelins (quivered)
Armour
 e - a +2 chain mail of fire resistance (worn)
 n - a +0 pair of boots (worn)
 r - a +0 kite shield (worn)
Jewellery
 c - a ring of protection from fire (right hand)
 i - a ring of resist corrosion (left hand)
Scrolls
 a - a scroll of teleportation
 b - a scroll of fog
 k - a scroll of identify
Potions
 d - 2 potions of might
 f - a potion of cancellation
 g - 2 potions of attraction
 h - a potion of magic {unknown}
 l - a potion of flight {unknown}
 m - a potion of lignification
 o - a potion of brilliance {unknown}

Dungeon Overview and Level Annotations

Branches:
Dungeon (5/15)
 Temple: D:4-7

Altars:
Dithmenos
Hepliaklqana
Makhleb
Okawaru
Ru
Uskayaw
Wu Jian


Message History

You closely miss the acid dragon.
The acid dragon is heavily wounded.
You block the acid dragon's attack.
The acid dragon claws you but does no damage.
You slash the acid dragon!
The acid dragon is almost dead.
The acid dragon spits acid at you. The splash of acid hits you. You resist.
You hit the acid dragon but do no damage.
The acid dragon is almost dead.
You block the acid dragon's attack.
The acid dragon claws you but does no damage.
You closely miss the acid dragon.
The acid dragon is almost dead.
The acid dragon bites you but does no damage.
The acid dragon barely misses you.
You hit the acid dragon.
The acid dragon is almost dead.
You feel like a meek peon again. The acid dragon bites you.
The acid dragon barely misses you. The acid dragon spits acid at you.
The splash of acid hits you! You resist.
4190 ||| READING 2 scrolls of teleportation.
As you read the scroll of teleportation, it crumbles to dust.
You feel strangely unstable.
The acid dragon bites you but does no damage.
The acid dragon barely misses you.
4191 ||| INVOKING Heroism.
You gain the combat prowess of a mighty hero.
The acid dragon barely misses you.
The acid dragon claws you but does no damage.
You hit the acid dragon but do no damage.
The acid dragon is almost dead.
The acid dragon bites you but does no damage.
The acid dragon claws you but does no damage.
You closely miss the acid dragon.
The acid dragon is almost dead.
The acid dragon spits acid at you. The splash of acid hits you! You resist.
You die...

##...## ##.....##
##.......## #.........#
+.........+ #.........#
#..D....# #..@..#
##...## ##'##
#.#########
#.###########..........
#......<....#..########
###########....##
#.....# ##...##


You could see an acid dragon (catching breath).

Vanquished Creatures
  An ogre (D:4)
  2 phantoms (D:4)
  A necrophage (D:5)
  A hound (D:4)
  A jelly (D:4)
  Terence (D:3)
  7 adders
  A worm (D:2)
  2 dart slugs (D:1)
  5 orcs (D:3)
  7 ball pythons
  4 endoplasms
  6 giant cockroaches
  5 hobgoblins
  A quokka (D:3)
  4 bats
  5 frilled lizards
  11 goblins
  5 kobolds
  5 rats
75 creatures vanquished.

Vanquished Creatures (others)
  6 plants (D:1)
6 creatures vanquished.

Grand Total: 81 creatures vanquished

Notes
Turn   | Place    | Note
-------+----------+-------------------------------------------
     0 | D:1      | qw the Gargoyle Fighter began the quest for the Orb.
     0 | D:1      | Reached XP level 1. HP: 14/14 MP: 1/1
     0 | D:1      | 0 ||| qw: Version: 0.1-a-119-g272c26d
     0 | D:1      | 0 ||| qw: Game counter: 10758
     0 | D:1      | 0 ||| qw: Always use a shield: true
     0 | D:1      | 0 ||| qw: God list: Okawaru
     0 | D:1      | 0 ||| qw: Allow faded altars: false
     0 | D:1      | 0 ||| qw: Do Orc after D:15 true
     0 | D:1      | 0 ||| qw: Do second Lair branch before Depths: true
     0 | D:1      | 0 ||| qw: Lair rune preference: random
     0 | D:1      | 0 ||| qw: Plans: Normal, Zot, God:TSO, Crypt, Tomb, Pan,
                  | Slime, Hells, Zig, Abyss, Orb
     0 | D:1      | 0 ||| PLANNING D:1-11
    20 | D:1      | 20 ||| Stepping ~*~*~tactically~*~*~ (hiding).
    23 | D:1      | 23 ||| Stepping ~*~*~tactically~*~*~ (hiding).
    27 | D:1      | 27 ||| Stepping ~*~*~tactically~*~*~ (hiding).
   256 | D:1      | Reached XP level 2. HP: 19/19 MP: 2/2
   297 | D:1      | 297 ||| Stepping ~*~*~tactically~*~*~ (stealth).
   299 | D:1      | 299 ||| Stepping ~*~*~tactically~*~*~ (stealth).
   312 | D:1      | Found an ornate altar of the Wu Jian Council.
   693 | D:1      | 693 ||| Stepping ~*~*~tactically~*~*~ (stealth).
   906 | D:1      | Found a faded altar of an unknown god.
  1141 | D:1      | Reached skill level 3 in Axes
  1155 | D:1      | Reached XP level 3. HP: 22/23 MP: 3/3
  1386 | D:1      | 1386 ||| UPGRADING to ring of resist corrosion.
  1387 | D:1      | 1387 ||| READING 3 scrolls labelled KAWNAOBLASM.
  1392 | D:1      | 1392 ||| READING scroll labelled IJYABITZUR.
  1432 | D:2      | 1432 ||| Stepping ~*~*~tactically~*~*~ (hiding).
  1518 | D:2      | 1518 ||| Stepping ~*~*~tactically~*~*~ (stealth).
  1659 | D:2      | 1659 ||| Stepping ~*~*~tactically~*~*~ (stealth).
  1762 | D:2      | Reached XP level 4. HP: 28/28 MP: 4/4
  2161 | D:2      | 2161 ||| READING scroll labelled GUIBLOA JAYCSY.
  2209 | D:2      | 2209 ||| READING 3 scrolls labelled QAEREL FODOP.
  2210 | D:2      | 2210 ||| READING scroll labelled TOIPIGG DOJOPS.
  2211 | D:2      | 2211 ||| READING 2 scrolls of identify.
  2211 | D:2      | 2211 ||| IDENTIFYING lumpy blue potion
  2212 | D:2      | 2212 ||| DROPPING potion of degeneration.
  2318 | D:3      | Noticed Terence
  2332 | D:3      | Killed Terence
  2371 | D:3      | 2371 ||| Stepping ~*~*~tactically~*~*~ (stealth).
  2376 | D:3      | 2376 ||| Stepping ~*~*~tactically~*~*~ (stealth).
  2379 | D:3      | 2379 ||| Stepping ~*~*~tactically~*~*~ (stealth).
  2380 | D:3      | 2380 ||| Stepping ~*~*~tactically~*~*~ (stealth).
  2493 | D:3      | 2493 ||| Stepping ~*~*~tactically~*~*~ (stealth).
  2497 | D:3      | 2497 ||| Stepping ~*~*~tactically~*~*~ (stealth).
  2503 | D:3      | Reached XP level 5. HP: 32/32 MP: 5/5
  2707 | D:3      | Found a faded altar of an unknown god.
  2709 | D:3      | 2709 ||| DROPPING +0 club.
  2710 | D:3      | Found a hazy altar of Hepliaklqana.
  3072 | D:3      | Found a sacrificial altar of Ru.
  3090 | D:3      | Found an iron altar of Okawaru.
  3260 | D:3      | Reached skill level 1 in Throwing
  3394 | D:3      | 3394 ||| UPGRADING to +2 chain mail of fire resistance.
  3404 | D:3      | 3404 ||| DROPPING +0 scale mail.
  3405 | D:3      | 3405 ||| UPGRADING to +0 pair of boots.
  3410 | D:3      | 3410 ||| UPGRADING to +0 kite shield.
  3420 | D:3      | 3420 ||| DROPPING +0 buckler.
  3421 | D:3      | 3421 ||| READING scroll labelled MAUFUF DUMUY.
  3422 | D:3      | 3422 ||| DRINKING 2 sedimented sapphire potions.
  3466 | D:3      | Became a worshipper of Warmaster Okawaru
  3568 | D:4      | Noticed a phantom
  3579 | D:4      | Killed a phantom
  3580 | D:4      | Reached XP level 6. HP: 37/37 MP: 6/6
  3584 | D:4      | Found a hide-covered altar of Uskayaw.
  3611 | D:4      | 3611 ||| Stepping ~*~*~tactically~*~*~ (stealth).
  3612 | D:4      | 3612 ||| Stepping ~*~*~tactically~*~*~ (stealth).
  3717 | D:4      | Found a burning altar of Makhleb.
  3717 | D:4      | Found a shadowy altar of Dithmenos.
  3880 | D:4      | 3880 ||| Stepping ~*~*~tactically~*~*~ (stealth).
  3892 | D:4      | Reached * piety under Okawaru
  3893 | D:4      | Reached XP level 7. HP: 44/44 MP: 7/7
  4099 | D:4      | 4099 ||| UPGRADING to ring of protection from fire.
  4100 | D:4      | 4100 ||| READING scroll labelled HYDYDEKHIUCW.
  4101 | D:4      | 4101 ||| READING scroll labelled MINIS ATTIGH.
  4102 | D:4      | 4102 ||| DRINKING 2 fizzy white potions.
  4133 | D:4      | 4133 ||| READING 2 scrolls of identify.
  4133 | D:4      | 4133 ||| IDENTIFYING emerald potion
  4155 | D:5      | Entered Level 5 of the Dungeon
  4178 | D:5      | Reached skill level 1 in Invocations
  4178 | D:5      | 4178 ||| INVOKING Heroism.
  4189 | D:5      | HP: 7/44 [acid dragon/splash of acid (13)]
  4190 | D:5      | 4190 ||| READING 2 scrolls of teleportation.
  4191 | D:5      | 4191 ||| INVOKING Heroism.
  4193 | D:5      | Killed from afar by an acid dragon

Levels and vault maps discovered:
D:1:      ncdulo_halloftheorcs, layout_basic, hellmonk_ecumenical_altar_run_dry,
          serial_bayou, serial_bayou_pond_b, serial_bayou_lagoon_a,
          serial_bayou_lake_a, serial_bayou_pond_a, minmay_hexomino_r4
D:2:      layout_loops_ring, chequers_serial_rivers_small_a
D:3:      layout_loops_corners, mainiacjoe_overflow_brackets,
          lemuel_round_altar, beargit_hepliaklqana_dungeon_heroes, uniq_terence
D:4:      layout_gridville, gammafunk_temple_overflow_forgotten
D:5:      layout_loops_corners, minmay_temple_entry_fiery, uniq_sigmund,
          uniq_duvessa

Skill      XL: |  1  2  3  4  5  6  7 |
---------------+----------------------+-----
Axes           | 2 3 4 5 |  5.1
Throwing       | 1 |  1.0
Shields        | 4 5 |  5.2
Fighting       | 4 |  4.5
Invocations    | 1 |  1.2
Armour         | |  3.2

Action                   |  1- 3 |  4- 6 |  7- 9 || total
-------------------------+-------+-------+-------++-------
Melee: War axe           |    96 |   135 |    18 ||   249
Throw: Javelin           |       |    28 |     2 ||    30
Invok: Heroism           |       |       |     2 ||     2
  Use: Scroll            |     2 |     5 |     4 ||    11
       Potion            |       |     1 |     1 ||     2
Armor: Scale mail        |    44 |    38 |       ||    82
       Chain mail        |       |    35 |    13 ||    48
Dodge: Dodged            |    50 |    51 |     9 ||   110
Block: Buckler           |    14 |    11 |       ||    25
       Kite shield       |       |    24 |     9 ||    33

Table legend:
 A = Non-vault XP
 B = Vault XP
 C = Vault XP percentage of total XP
 D = Non-vault monster count
 E = Vault monster count
 F = Vault count percentage of total count
                 A         B        C        D         E       F
            +---------+---------+-------+---------+---------+-------
      Total |     703 |      45 |   6.0 |      69 |       6 |   8.0
            +---------+---------+-------+---------+---------+-------
        D:1 |      32 |       6 |  15.8 |      18 |       4 |  18.2
        D:2 |      66 |       0 |   0.0 |      18 |       0 |   0.0
        D:3 |      57 |      39 |  40.6 |      17 |       2 |  10.5
        D:4 |     459 |       0 |   0.0 |      15 |       0 |   0.0
        D:5 |      89 |       0 |   0.0 |       1 |       0 |   0.0
            +---------+---------+-------+---------+---------+-------
